AoeStats
← Hopeless

Fortress

509841825Analyzed
3v3 RM · 3d ago on Sep 28, 2026· 78m 43s· 6 players
Game mode
Random Map
Map size
Large (8 player)
Population
200
Speed
Normal
Resources
Standard
Victory
Conquest
Starting age
Dark Age
Ending age
Imperial Age
RankedLock teamsTeams togetherTeam positionsShared explorationLock speedFull tech treeHidden civsTurbo modeCheats
Victory
Defeat
🇭🇰 Saxons · Hong Kong SAR China
1044
+15
🇦🇺 Vikings · Australia
1015
+16
🇨🇳 Franks · China
963
+17
🇨🇳 Persians · China
1051
-18
🇹🇼 Inca · Taiwan
994
-15
🇺🇸 Persians · United States
986
-15
Angusjack
8:10 Feudal Age
8:56 Double-Bit Axe
13:42 Castle Age
11:35 Horse Collar
12:27 Gold Mining
16:05 Bow Saw
17:10 Stone Mining
18:38 Heavy Plow
20:10 Forging
20:02 Scale Mail Armor
23:55 Fletching
24:06 Padded Archer Armor
23:57 Arson
24:12 Squires
23:34 Pikeman
27:12 Ballistics
29:39 Imperial Age
26:56 Town Watch
26:57 Loom
27:29 Leather Archer Armor
27:52 Iron Casting
27:26 Bodkin Arrow
28:21 Fortified Wall
28:23 Masonry
28:31 Crossbowman
29:13 Chieftains
30:54 Chain Mail Armor
30:41 Bracer
30:43 Bogsveigar
31:04 Conscription
30:07 Arbalester
32:23 Chemistry
32:34 Blast Furnace
31:02 Elite Varangian Guard
31:56 Caravan
31:49 Capped Ram
31:54 Light Cavalry
33:07 Plate Mail Armor
32:45 Town Patrol
32:34 Elite Skirmisher
33:47 Ring Archer Armor
33:23 Scale Barding Armor
33:19 Murder Holes
33:07 Treadmill Crane
33:37 Siege Ram
35:44 Gold Shaft Mining
37:31 Two-Man Saw
37:12 Crop Rotation
39:51 Siege Engineers
42:43 Chain Barding Armor
62:28 Guard Tower
62:24 Arrowslits
68:44 Elite Berserk
69:41 Block Printing
69:37 Fervor
69:27 Atonement
69:27 Devotion
69:50 Heresy
70:03 Architecture
69:24 Heated Shot
69:00 Cavalier
69:05 Man-at-Arms
70:24 Hoardings
69:20 Sappers
70:33 Coinage
71:05 Long Swordsman
74:03 Faith
74:01 Careening
74:01 Clinker Construction
73:57 Siphons
73:25 Onager
73:29 Heavy Scorpion
73:33 Two-Handed Swordsman
74:56 Banking
76:08 Dry Dock
76:08 Carvel Hull
76:46 Champion
cpluk3
6:16 Loom
8:02 Feudal Age
13:06 Castle Age
12:46 Double-Bit Axe
12:48 Horse Collar
14:50 Bow Saw
17:31 Wheelbarrow
17:29 Town Watch
18:04 Heavy Plow
22:03 Gold Mining
22:04 Stone Mining
22:28 Fortified Wall
24:21 Hand Cart
24:44 Masonry
25:16 Sanctity
28:20 Imperial Age
27:32 Ballistics
28:15 Guard Tower
28:23 Murder Holes
29:31 Conscription
30:33 Two-Man Saw
30:12 Gold Shaft Mining
29:56 Scale Mail Armor
30:07 Forging
30:01 Squires
30:34 Elite Varangian Guard
31:02 Arson
30:41 Shield Wall
31:05 Capped Ram
32:20 Elite Skirmisher
33:19 Chain Mail Armor
33:39 Iron Casting
34:28 Siege Engineers
35:24 Chemistry
34:22 Gambesons
36:01 Hoardings
34:57 Pikeman
36:37 Crop Rotation
36:44 Architecture
36:00 Treadmill Crane
37:17 Plate Mail Armor
37:23 Iron Casting
37:22 Halberdier
39:06 Redemption
38:53 Onager
38:55 Siege Ram
39:49 Fletching
39:59 Padded Archer Armor
40:15 Caravan
40:40 Clerical Recruitment
45:41 Illumination
45:33 Block Printing
49:06 Theocracy
50:30 Thumb Ring
50:23 Bodkin Arrow
50:43 Leather Archer Armor
57:22 Sappers
63:11 Crossbowman
64:17 Arbalester
65:55 Ring Archer Armor
65:25 Bracer
76:22 Man-at-Arms
76:32 Elite Hearth Troop
挺拔的象拔蚌
2:11 Loom
7:11 Feudal Age
6:18 Loom
9:30 Double-Bit Axe
12:10 Castle Age
12:08 Wheelbarrow
13:20 Wheelbarrow
18:16 Bow Saw
18:53 Forging
19:29 Gold Mining
21:53 Gold Shaft Mining
22:46 Iron Casting
22:21 Scale Barding Armor
22:35 Hand Cart
24:53 Imperial Age
24:17 Chain Barding Armor
24:32 Iron Casting
24:15 Fletching
25:33 Husbandry
24:58 Cavalier
26:39 Plate Barding Armor
26:26 Conscription
26:14 Stone Mining
26:41 Chivalry
28:25 Blast Furnace
27:52 Caravan
28:01 Heavy Mounted Crossbowman
28:08 Paladin
28:53 Ordonnance Companies
30:19 Heavy Mounted Crossbowman
31:20 Loom
32:40 Chemistry
32:03 Ballistics
31:25 Treadmill Crane
31:20 Cranequins
35:55 Bodkin Arrow
36:00 Padded Archer Armor
38:37 Pikeman
39:18 Squires
39:04 Arson
39:31 Elite Throwing Axeman
40:40 Halberdier
42:19 Elite Skirmisher
52:10 Capped Ram
52:40 Capped Ram
55:37 Town Watch
56:11 Leather Archer Armor
55:57 Scale Mail Armor
60:54 Light Cavalry
IRONFLYTE
1:54 Loom
2:14 Loom
10:44 Feudal Age
11:09 Double-Bit Axe
11:20 Horse Collar
12:14 Town Watch
13:59 Wheelbarrow
13:51 Stone Mining
13:51 Gold Mining
13:59 Gold Mining
18:39 Forging
18:29 Scale Mail Armor
19:33 Arson
19:09 Man-at-Arms
22:43 Castle Age
21:25 Fletching
21:37 Padded Archer Armor
25:02 Gold Shaft Mining
24:39 Bow Saw
24:31 Heavy Plow
25:09 Stone Shaft Mining
25:40 Hand Cart
26:45 Pikeman
27:26 Squires
28:37 Long Swordsman
29:03 Gambesons
33:12 Town Patrol
34:01 Scale Barding Armor
36:32 Imperial Age
34:38 Masonry
34:29 Murder Holes
35:23 Iron Casting
35:03 Chain Mail Armor
35:08 Chain Barding Armor
35:05 Leather Archer Armor
35:50 Chain Barding Armor
36:45 Chain Mail Armor
36:29 Bodkin Arrow
37:33 Ballistics
37:04 Heated Shot
37:39 Kamandaran
38:13 Citadels
39:27 Two-Man Saw
38:57 Crop Rotation
39:51 Chemistry
39:23 Architecture
38:47 Onager
39:46 Citadels
39:57 Conscription
40:27 Hoardings
40:22 Capped Ram
41:20 Elite War Elephant
42:39 Plate Barding Armor
42:16 Caravan
44:29 Plate Mail Armor
44:23 Siege Ram
49:05 Blast Furnace
48:35 Ring Archer Armor
49:18 Cavalier
49:58 Husbandry
50:54 Savar
53:00 Light Cavalry
53:56 Bloodlines
54:33 Hussar
56:11 Heavy Camel Rider
63:27 Halberdier
Hopeless
4:07 Loom
8:18 Feudal Age
10:36 Double-Bit Axe
12:55 Castle Age
11:56 Stone Mining
11:49 Horse Collar
13:22 Town Watch
15:55 Wheelbarrow
16:33 Squires
24:51 Imperial Age
22:56 Bow Saw
22:50 Heavy Plow
23:39 Forging
24:28 Gold Mining
24:34 Pikeman
25:59 Hand Cart
26:37 Caravan
26:43 Elite Skirmisher
28:15 Guilds
28:19 Halberdier
29:02 Scale Mail Armor
29:30 Fortified Wall
30:25 Conscription
31:45 Chemistry
31:33 Andean Sling
32:11 Iron Casting
31:27 Fletching
32:40 Crop Rotation
33:04 Chain Mail Armor
34:57 Gold Shaft Mining
37:14 Blast Furnace
36:44 Plate Mail Armor
36:05 Fletching
36:16 Padded Archer Armor
39:16 Coinage
39:15 Fabric Shields
40:30 Hoardings
40:04 Town Patrol
40:03 Bodkin Arrow
41:05 Ballistics
40:53 Siege Engineers
41:00 Masonry
40:46 Murder Holes
43:35 Bracer
43:52 Leather Archer Armor
48:51 Banking
49:31 Ring Archer Armor
52:25 Arson
52:00 Champi Runner
53:14 Champi Warrior
65:54 Elite Champi Warrior
bro
6:24 Loom
8:50 Feudal Age
12:58 Castle Age
11:50 Double-Bit Axe
11:47 Horse Collar
16:40 Bow Saw
16:37 Heavy Plow
19:41 Wheelbarrow
18:54 Town Watch
19:28 Gold Mining
19:28 Stone Mining
26:26 Gold Shaft Mining
26:27 Stone Shaft Mining
26:22 Hand Cart
28:18 Kamandaran
27:41 Crossbowman
28:26 Thumb Ring
32:01 Imperial Age
29:42 Fletching
29:52 Padded Archer Armor
30:03 Forging
29:58 Scale Barding Armor
30:10 Bloodlines
30:00 Husbandry
29:21 Light Cavalry
33:04 Conscription
32:54 Citadels
32:10 Cavalier
32:10 Hussar
32:53 Bodkin Arrow
33:13 Leather Archer Armor
33:18 Chain Barding Armor
33:35 Iron Casting
34:32 Ring Archer Armor
34:38 Plate Barding Armor
34:29 Savar
38:40 Blast Furnace
40:39 Two-Man Saw
40:56 Ballistics
41:37 Chemistry
49:46 Masonry
50:04 Town Patrol
50:25 Caravan
50:56 Coinage
50:36 Guilds
53:13 Banking
52:53 Guilds
Connection lost

Rejoining the realm…

Still unreachable

The connection could not be restored.

Session expired

The server has moved on; the page needs a fresh start.